 Dungeon Crawl Stone Soup version 0.30-a0-760-g5a9884bb7c (webtiles) character file.

Game seed: 11359149933984198957

304 retardedninja the Trooper (level 6, -13/48 HPs)
             Began as a Demonspawn Fighter on Feb 10, 2023.
             Was an Initiate of Dithmenos.
             Mangled by an ogre
             ... wielding a +0 giant spiked club
              (20 damage)
             ... on level 4 of the Dungeon.
             The game lasted 00:08:30 (5386 turns).

retardedninja the Trooper (Demonspawn Fighter)      Turns: 5386, Time: 00:08:31

Health: -13/48     AC: 12    Str: 16 (19) XL:     6   Next: 15%
Magic:  0/6        EV:  6    Int: 10 (11) God:    Dithmenos [......]
Gold:   149        SH:  5    Dex: 11 (12) Spells: 5/5 levels left

rFire   . . .      SeeInvis .    d - +0 whip
rCold   + . .      Faith    .    b - +1 buckler
rNeg    . . .      Spirit   +    i - +0 chain mail
rPois   .          Reflect  .    l - +0 helmet
rElec   .          Harm     .    (no cloak)
rCorr   .          Rampage  .    h - +0 pair of gloves
Will    .....                    r - +0 pair of boots
Stlth   x                          - amulet of guardian spirit
HPRegen 0.28/turn                v - ring of willpower
MPRegen 0.10/turn                k - ring of protection from cold

@: silenced, weak-willed
A: foul stench 1, big brain 1
a: Renounce Religion


You were on level 4 of the Dungeon.
You worshipped Dithmenos.
Dithmenos was noncommittal.
You visited 2 branches of the dungeon, and saw 5 of its levels.

You collected 149 gold pieces.

Inventory:

Hand Weapons
 d - a +0 whip (weapon)
Armour
 b - a +1 buckler (worn)
 h - a +0 pair of gloves (worn)
 i - a +0 chain mail (worn)
 l - a +0 helmet (worn)
 r - a +0 pair of boots (worn)
 y - an orb of light
Jewellery
 k - a ring of protection from cold (right hand)
 v - a ring of willpower (left hand)
 x - an amulet of guardian spirit (around neck)
Wands
 A - a wand of paralysis (4)
Scrolls
 a - 3 scrolls of identify
 f - 2 scrolls of magic mapping
 o - a scroll of poison
 p - a scroll of acquirement {unknown}
Potions
 e - a potion of resistance {unknown}
 g - a potion of berserk rage {unknown}
 m - a potion of brilliance
 n - 3 potions of cancellation
 w - a potion of attraction {unknown}


   Skills:
 + Level 4.2 Fighting
 * Level 2.4 Maces & Flails
 + Level 3.9 Armour
 + Level 3.8 Shields
 - Level 2.0 Unarmed Combat


You had 5 spell levels left.
You didn't know any spells.
Your spell library contained the following spells:

 Spells                   Type           Power      Damage    Failure   Level
 Hailstorm                Conj/Ice       0%         3d3       100%        3
 Ice Form                 Ice/Tmut       0%         N/A       100%        4
 Simulacrum               Ice/Necr       0%         N/A       100%        6


Dungeon Overview and Level Annotations

Branches:
Dungeon (4/15)             Temple (1/1) D:4

Altars:
Ashenzari
Cheibriados
Dithmenos
Fedhas
Gozag
Hepliaklqana
Kikubaaqudgha
Makhleb
Nemelex Xobeh
Okawaru
Qazlal
Ru
Sif Muna
Trog
Vehumet
Xom
Yredelemnul

Shops:
D:1 ?   D:4 :

Annotations:
D:3 1 runed translucent door, Crazy Yiuf


Innate Abilities, Weirdness & Mutations

You may rarely emit foul miasma when damaged in melee.
You have an unusually large brain. (Int +2)


Message History

You hit the ball python.
You kill the ball python!
Dithmenos accepts your kill. The orc hits you but does no damage.
The orc priest looks satisfied for a moment.
You hit the orc but do no damage. The orc hits you but does no damage.
The orc barely misses you.
You hit the orc.
The orc is moderately wounded.
The orc barely misses you. The orc hits you but does no damage.
The orc priest calls upon Beogh to heal the orc.
The orc's wounds heal themselves!
The orc priest mumbles some strange prayers to Beogh against you.
Beogh smites you!
* * * LOW HITPOINT WARNING * * *
It was a potion of curing.
You feel better. The orc hits you but does no damage.
The orc priest invokes the aid of Beogh against you.
Beogh smites you!
* * * LOW HITPOINT WARNING * * *
As you read the scroll labelled KILALA NUP, it crumbles to dust.
You hear a loud clanging noise!
It was a scroll of noise.
You hear an angry hiss.
The orc hits you but does no damage. The orc attacks as you move away!
The orc hits you but does no damage.
As you read the scroll labelled IPYINWE TAQO, it crumbles to dust.
Magic quickly surges around you.
It was a scroll of vulnerability.
The orc hits you with a +0 short sword. You block the orc's attack.
As you read the scroll labelled YJULOUT FUVI, it crumbles to dust.
It is a scroll of enchant armour.
Your +0 buckler glows green for a moment.
The orc hits you with a +0 short sword.
* * * LOW HITPOINT WARNING * * *
As you read the scroll labelled RULASY QADYU, it crumbles to dust.
A profound silence engulfs you.
It was a scroll of silence.
The orc hits you but does no damage. The orc hits you with a +0 club.
* * * LOW HITPOINT WARNING * * *
The ogre hits you with a +0 giant spiked club!!
You die...

#....†......+............†.⌠
#...........######.....#....
############# ###...#.###
#........ #########
###...### #.......# #......
#.......# #.....# #.......#
#......
#.....@o#############..
#.....oO'..............
#......o###############
#.......# *,,,,,,,,....
#.......# *,*******####
#####.....†.# *,* #
#...........# *,* #
#...........# *,* #
#...........# *,* #


You could see an ogre (weak-willed), an orc priest (weak-willed) and 2 orcs.

Vanquished Creatures
  An orc priest (D:3)
  Terence (D:3)
  2 orc wizards (D:2)
  Natasha (thrice) (D:3)
  2 adders
  A gnoll (D:1)
  A worm (D:2)
  A dart slug (D:2)
  10 orcs
  8 ball pythons
  7 endoplasms
  3 giant cockroaches
  6 goblins
  6 hobgoblins
  5 jackals (D:1)
  5 quokkas
  4 bats
  6 frilled lizards
  3 kobolds
  7 rats
82 creatures vanquished.

Vanquished Creatures (others)
  An orc (D:2)
1 creature vanquished.

Grand Total: 83 creatures vanquished

Notes
Turn   | Place    | Note
-------+----------+-------------------------------------------
     0 | D:1      | retardedninja the Demonspawn Fighter began the quest for
                  | the Orb.
     0 | D:1      | Reached XP level 1. HP: 18/18 MP: 1/1
    73 | D:1      | Gained mutation: You may rarely emit foul miasma when
                  | damaged in melee. [demonic ancestry]
    73 | D:1      | Reached XP level 2. HP: 5/24 MP: 2/2
   490 | D:1      | Found Gean's Magic Scroll Boutique.
   676 | D:1      | Reached XP level 3. HP: 29/29 MP: 3/3
  1145 | D:2      | Found a blossoming altar of Fedhas.
  1183 | D:2      | Reached skill level 1 in Maces & Flails
  1545 | D:2      | Reached XP level 4. HP: 35/35 MP: 4/4
  1699 | D:3      | You fall into a shaft and drop 1 floor!
  1705 | D:3      | Noticed Natasha
  1721 | D:3      | Killed Natasha
  2084 | D:3      | Noticed Terence
  2106 | D:3      | Killed Terence
  2210 | D:3      | Noticed Natasha
  2215 | D:3      | Killed Natasha
  2216 | D:3      | Gained mutation: You have an unusually large brain. (Int
                  | +2) [demonic ancestry]
  2216 | D:3      | Reached XP level 5. HP: 35/42 MP: 5/5
  2703 | D:2      | Reached skill level 4 in Fighting
  3150 | D:3      | Noticed Natasha
  3440 | D:3      | Killed Natasha
  3726 | D:3      | Reached XP level 6. HP: 46/48 MP: 6/6
  3916 | D:3      | Found a basalt altar of Yredelemnul.
  3943 | D:3      | Found a runed translucent door.
  3944 | D:3      | Noticed Crazy Yiuf
  4356 | D:4      | Found Caloxkej's Vocational Training.
  4465 | D:4      | Found a staircase to the Ecumenical Temple.
  4787 | Temple   | Entered the Ecumenical Temple
  5045 | Temple   | Became a worshipper of Dithmenos the Shadowed
  5386 | D:4      | Mangled by an ogre

Illustrated notes

Levels and vault maps discovered:
D:1:      dpeg_arrival_arbitrary_a, layout_loops_ring, serial_shops, shop
D:2:      layout_basic, basic_altar
D:3:      layout_rooms, mainiacjoe_overflow_chevrons, uniq_terence,
          uniq_natasha, uniq_crazy_yiuf_cottage
D:4:      layout_basic, minmay_temple_entry_overgrown, nicolae_shop_vocational
Temple:   dpeg_five_rooms_temple

Skill      XL: |  1  2  3  4  5 |
---------------+----------------+-----
Unarmed Combat | 2 |  2.0
Shields        | 3 |  3.8
Armour         | 3 |  3.9
Maces & Flails | 1 2 |  2.4
Fighting       | 4 |  4.2

Action                     |  1- 3 |  4- 6 || total
---------------------------+-------+-------++-------
  Melee: Unarmed           |    22 |       ||    22
         Whip              |   162 |   261 ||   423
    Use: Potion            |       |     6 ||     6
         Scroll            |       |     8 ||     8
 Armour: Scale mail        |    27 |       ||    27
         Chain mail        |    89 |   181 ||   270
         Skin              |       |    37 ||    37
  Dodge: Dodged            |    62 |   117 ||   179
  Block: Buckler           |    36 |    69 ||   105

Table legend: (Time is in decaauts)
 A = Elapsed time spent in this place.
 B = Non-inter-level travel time spent in this place.
 C = Inter-level travel time spent in this place.
 D = Time resting spent in this place.
 E = Time spent auto-exploring this place.
 F = Levels seen in this place.
 G = Mean time per level.
                   A        B        C        D        E       F      G
               +--------+--------+--------+--------+--------+-----+--------+
         Total |   5418 |   5214 |    204 |   2302 |   2002 |   5 | 1083.6 |
       Dungeon |   5109 |   4990 |    119 |   2302 |   1795 |   4 | 1277.2 |
        Temple |    308 |    223 |     85 |      0 |    207 |   1 |  308.0 |
               +--------+--------+--------+--------+--------+-----+--------+

Top non-repeatable levels by time:
     D:2: 1985 daAuts
     D:3: 1108 daAuts
     D:1: 1074 daAuts
     D:4: 941 daAuts
  Temple: 308 daAuts
